 Dungeon Crawl Stone Soup version 0.28.0 (webtiles) character file.

Game seed: 11692251821371494618

4 BorgnjorsVileCrotch the Shield-Bearer (level 1, -2/20 HPs)
             Began as a Deep Dwarf Fighter on Feb 12, 2022.
             Killed by nerve-wracking pain
             ... invoked by Grinder
              (4 damage)
             ... on level 4 of the Dungeon.
             The game lasted 00:00:24 (99 turns).

BorgnjorsVileCrotch the Shield-Bearer (DDFi)          Turns: 99, Time: 00:00:25

Health: -2/20      AC:  6    Str: 19    XL:     1   Next: 50%
Magic:  1/1        EV:  9    Int:  8    God:
Gold:   22         SH:  4    Dex: 12    Spells: 0/0 levels left

rFire   . . .      SeeInvis .   a - +0 war axe
rCold   . . .      Faith    .   c - +0 buckler
rNeg    . . .      Spirit   .   b - +0 scale mail
rPois   .          Reflect  .   (no helmet)
rElec   .          Harm     .   (no cloak)
rCorr   .          Rampage  .   (no gloves)
Will    .....                   (no boots)
Stlth   ..........              (no amulet)
HPRegen 0.00/turn               (no ring)
MPRegen 0.07/turn               (no ring)

@: no status effects
A: damage resistance, heal wounds, sense surroundings 1, no regeneration
a: Heal Wounds


You were on level 4 of the Dungeon.
You visited 1 branch of the dungeon, and saw 4 of its levels.

You collected 22 gold pieces.

Inventory:

Hand Weapons
 a - a +0 war axe (weapon)
Armour
 b - a +0 scale mail (worn)
 c - a +0 buckler (worn)
Scrolls
 e - 2 scrolls of enchant weapon {unknown}
 f - a scroll of amnesia {unknown}
 g - a scroll of identify {unknown}
Potions
 d - a potion of might {@q3 !q}


   Skills:
 - Level 2.6 Fighting
 + Level 2.6 Axes
 - Level 3.2 Armour
 - Level 3.2 Shields


You couldn't memorise any spells.
You didn't know any spells.
Your spell library was empty.

Dungeon Overview and Level Annotations

Branches:
Dungeon (4/15)
 Temple: D:4-7

Altars:

Annotations:
D:4 Grinder


Innate Abilities, Weirdness & Mutations

You are resistant to damage.
You can heal yourself by infusing magical energy.
You passively map a small area around you.
You do not regenerate.


Message History

Welcome, BorgnjorsVileCrotch the Deep Dwarf Fighter.
The heart of this dungeon contains the transcendent artefact, the Orb of Zot.
Press ? for a list of commands and other information.
Found 14 arrows and 26 sling bullets.
Found a staircase leading out of the dungeon.
You see here 14 arrows.
Found 11 gold pieces.
You now have 11 gold pieces.
Found a scroll labelled LOOCUAZX QOURGH and 11 gold pieces.
Found 2 scrolls labelled OLISHR ATEHIOKE.
Found a scroll labelled IWNIEG VYCK.
e - 2 scrolls labelled OLISHR ATEHIOKE
f - a scroll labelled LOOCUAZX QOURGH You now have 22 gold pieces (gained 11).
A ball python comes into view.
The ball python hisses angrily.
You see here a scroll labelled IWNIEG VYCK.
A ball python comes into view.
You see here a scroll labelled IWNIEG VYCK.
g - a scroll labelled IWNIEG VYCK The ball python bites you but does no damage.
You block the ball python's attack.
You closely miss the ball python. The ball python barely misses you.
The ball python grabs you. The ball python constricts you.
The ball python bites you but does no damage.
The ball python constricts you.
You hit the ball python.
You kill the ball python!
You slash the ball python!
You kill the ball python!
No target in view!
No target in view!
You see here a ball python corpse.
Found a stone staircase leading down.
(D) Dungeon
Where to? (? - help)
There is a stone staircase leading down here.
You climb downwards.
Found a stone staircase leading down.
There is a stone staircase leading up here.
(D) Dungeon
Where to? (Enter - D:2, ? - help)
There is a stone staircase leading down here.
You climb downwards.
The kobold shouts!
The ball python hisses angrily.
Found a stone staircase leading down.
There is a stone staircase leading up here.
There are monsters nearby!
You closely miss the kobold. You hit the ball python.
The ball python bites you but does no damage.
The ball python grabs you. The ball python constricts you.
The kobold hits you with a +2 dagger of protection.
The ball python bites you. The ball python constricts you.
You hit the ball python.
The ball python is heavily wounded.
You barely miss the kobold. You block the kobold's attack.
The ball python bites you but does no damage.
The ball python constricts you.
You slash the ball python!
You kill the ball python!
You closely miss the kobold.
The kobold hits you but does no damage. x2
You closely miss the kobold.
The kobold hits you with a +2 dagger of protection.
You hit the kobold.
You kill the kobold!
Things that are here:
a +2 dagger of protection; a kobold corpse
(D) Dungeon
Where to? (Enter - D:3, ? - help)
There is a stone staircase leading down here.
You climb downwards.
Grinder shouts!
The kobold shouts!
There is a stone staircase leading up here.
There are monsters nearby!
You completely miss Grinder.
Grinder blinks!
Grinder gestures at you. Pain shoots through your body!
Grinder blinks!
Grinder hits you!
* * * LOW HITPOINT WARNING * * *
You completely miss Grinder. Grinder gestures at you.
Pain shoots through your body!
You die...

, ##..........##
* #<...........#
##............#
**
#.............#
*
##.#..........#*
*
#...#..K......#
##....#.......#
*
#......#......#
,,
#.......@###..##
, , ........5..#
###
..#.........#
#..##........# *
..............*
, ##..##..##...#
*##. ..## #..# *
# .# ...* , *


You could see Grinder and a kobold.

Vanquished Creatures
  A kobold (D:3)
  3 ball pythons
4 creatures vanquished.

Notes
Turn   | Place    | Note
-------+----------+-------------------------------------------
     0 | D:1      | BorgnjorsVileCrotch the Deep Dwarf Fighter began the quest
                  | for the Orb.
     0 | D:1      | Reached XP level 1. HP: 20/20 MP: 1/1
    88 | D:4      | Noticed Grinder
    99 | D:4      | Killed from afar by Grinder

Illustrated notes

Levels and vault maps discovered:
D:1:      pf_arrival_petrified_forest, layout_loops_cross, serial_shops,
          nicolae_square_shop
D:2:      layout_rooms, st_stairs_11, kennysheep_generic_room_16
D:3:      layout_loops_ring, dreamdust_ecumenical_altar_grove, uniq_natasha
D:4:      layout_cave_pods, palyth_stone_intersect, uniq_blork_the_orc,
          uniq_grinder, uniq_eustachio

Action                   || total
-------------------------++-------
Melee: War axe           ||     9
Armor: Scale mail        ||     6
Dodge: Dodged            ||     1
Block: Buckler           ||     2
